 Seeded DCSS version 0.29-a0-664-gff9cad4a3d (webtiles) character file.

Game seed: 12781424815227474791 (custom seed)

2 zeratav the Stinger (level 1, -2/18 HPs)
             Began as an Ogre Venom Mage on June 22, 2022.
             Slain by a kobold
             ... wielding a +0 short sword
              (5 damage)
             ... on level 1 of the Dungeon.
             The game lasted 00:00:18 (257 turns).

zeratav the Stinger (Ogre Venom Mage)                Turns: 257, Time: 00:00:19

Health: -2/18      AC:  3    Str: 11    XL:     1   Next: 40%
Magic:  1/3        EV:  9    Int: 16    God:
Gold:   13         SH:  0    Dex:  9    Spells: 3/4 levels left

rFire   . . .      SeeInvis .   (no weapon)
rCold   . . .      Faith    .   (no shield)
rNeg    . . .      Spirit   .   a - +0 robe
rPois   .          Reflect  .   (helmet restricted)
rElec   .          Harm     .   (no cloak)
rCorr   .          Rampage  .   (gloves unavailable)
Will    .....                   (boots unavailable)
Stlth   +.........              (no amulet)
HPRegen 0.06/turn               (no ring)
MPRegen 0.08/turn               (no ring)

@: no status effects
A: large, unfitting armour, tough skin 1
a: no special abilities


You were on level 1 of the Dungeon.
You visited 1 branch of the dungeon, and saw 1 of its levels.

You collected 13 gold pieces.


Innate Abilities, Weirdness & Mutations

You are too large for most types of armour.
You have tough skin. (AC +1)


   Skills:
 + Level 0.6 Fighting
 - Level 1.7 Dodging
 - Level 1.4 Stealth
 - Level 2.4 Spellcasting
 - Level 0.8 Transmutations
 + Level 2.8 Poison Magic


You had 3 spell levels left.
You knew the following spells:

 Your Spells              Type           Power      Damage    Failure   Level
a - Sting                 Tmut/Pois      28%        1d4       10%         1

Your spell library contained the following spells:

 Spells                   Type           Power      Damage    Failure   Level
 Poisonous Vapours        Pois/Air       12%        N/A       17%         2
 Mephitic Cloud           Conj/Pois/Air  4%         N/A       38%         3
 Olgreb's Toxic Radiance  Pois           10%        N/A       54%         4

Inventory:

Armour
 a - a +0 robe (worn)
Scrolls
 c - a scroll of identify {unknown}
Potions
 b - a potion of magic
 d - 2 potions of curing {unknown}

Dungeon Overview and Level Annotations

Branches:
Dungeon (1/15) Zot: 5735

Altars:

#############
#...$K@...#..
#.#######.#.#
#.#.# #.#.#
#######.#.####..
........†.......
#######^..#####
##..# #..#


You could see a kobold.


Message History

You are too injured to fight recklessly!
You are too injured to fight recklessly!
You are too injured to fight recklessly!
You are too injured to fight recklessly!
You are too injured to fight recklessly!
You are too injured to fight recklessly!
Casting: Sting (safe; 10% risk of failure)
Confirm with . or Enter, or press ? or * to list all spells.
Aiming: Sting (safe; 10% risk of failure)
Press: ? - help, Shift-Dir - straight line, f - giant cockroach
Aim: a giant cockroach (heavily wounded, 68% to hit)
The sting hits the giant cockroach.
The giant cockroach is poisoned.
You kill the giant cockroach!
HP[+2] MP[-1]
You now have 18 max hp (+2).
You regained 2 hp, and now have 14/18 hp.
You lost 1 mp, and now have 2/3 mp.
You now have 13 gold pieces.
A hobgoblin comes into view.
The hobgoblin shouts!
HP[+4] MP[+1]
Your hp is fully restored (18).
Your mp is fully restored (3).
A hobgoblin is nearby!
The hobgoblin barely misses you.
The sting hits the hobgoblin.
The hobgoblin is poisoned.
The hobgoblin hits you.
HP[-1] MP[-1]
You take 1 damage, and now have 17/18 hp.
You lost 1 mp, and now have 2/3 mp.
The sting hits the hobgoblin.
The hobgoblin looks even sicker.
The hobgoblin barely misses you.
MP[-1]
You lost 1 mp, and now have 1/3 mp.
You miscast Sting.
You are very lightly contaminated with residual magic.
Nothing appears to happen.
The hobgoblin barely misses you.
MP[-1]
You lost 1 mp, and now have 0/3 mp.
A hobgoblin is nearby!
You barely miss the hobgoblin.
You kill the hobgoblin!
No target in view!
Your magical contamination has completely faded away.
d - 2 inky potions HP[+1] MP[+3]
Your hp is fully restored (18).
Your mp is fully restored (3).
A kobold comes into view. It is wielding a +0 short sword.
The kobold shouts!
A kobold is nearby!
A kobold is nearby!
The sting misses the kobold.
MP[-1]
You lost 1 mp, and now have 2/3 mp.
The sting hits the kobold but does no damage.
The kobold is poisoned.
The kobold hits you but does no damage.
MP[-1]
You lost 1 mp, and now have 1/3 mp.
The sting misses the kobold.
The kobold hits you but does no damage.
MP[-1]
You lost 1 mp, and now have 0/3 mp.
You are out of magic!
A kobold is nearby!
You barely miss the kobold. The kobold closely misses you.
You closely miss the kobold.
The kobold hits you with a +0 short sword.
HP[-2]
You take 2 damage, and now have 16/18 hp.
You hit the kobold but do no damage. The kobold hits you but does no damage.
You hit the kobold but do no damage.
The kobold hits you with a +0 short sword.
HP[-3]
You take 3 damage, and now have 13/18 hp.
You are too injured to fight recklessly!
You are too injured to fight recklessly!
You are too injured to fight recklessly!
You are too injured to fight recklessly!
You are too injured to fight recklessly!
You closely miss the kobold.
The kobold looks more healthy.
The kobold hits you with a +0 short sword.
HP[-1]
You take 1 damage, and now have 12/18 hp.
You closely miss the kobold.
The kobold hits you with a +0 short sword.
HP[-1]
You take 1 damage, and now have 11/18 hp.
You closely miss the kobold.
The kobold hits you with a +0 short sword.
* * * LOW HITPOINT WARNING * * *
HP[-5]
You take 5 damage, and now have 6/18 hp.
MASSIVE DAMAGE!! (PAUSE)
You barely miss the kobold. The kobold barely misses you.
You barely miss the kobold.
The kobold hits you with a +0 short sword.
* * * LOW HITPOINT WARNING * * *
HP[-3]
You take 3 damage, and now have 3/18 hp.
You barely miss the kobold.
The kobold hits you with a +0 short sword.
You die...

Action                   || total
-------------------------++-------
Melee: Unarmed           ||    14
 Cast: Sting             ||     6
Armor: Robe              ||     5
Dodge: Dodged            ||     5

Levels and vault maps discovered:
D:1:      zaba_arrival_water, layout_loops_ring, ebering_ecumenical_altar_webs,
          item_on_display_a

Notes
Turn   | Place    | Note
-------+----------+-------------------------------------------
     0 | D:1      | zeratav the Ogre Venom Mage began the quest for the Orb.
     0 | D:1      | Reached XP level 1. HP: 16/16 MP: 3/3
     0 | D:1      | magus.rc [v1.9.6]
   256 | D:1      | HP: 3/18 [kobold/+0 short sword (4)]
   257 | D:1      | Slain by a kobold

Vanquished Creatures
  A giant cockroach (D:1)
  A hobgoblin (D:1)
2 creatures vanquished.

Table legend:
 A = Non-vault XP
 B = Vault XP
 C = Vault XP percentage of total XP
 D = Non-vault monster count
 E = Vault monster count
 F = Vault count percentage of total count
                 A         B        C        D         E       F
            +---------+---------+-------+---------+---------+-------
      Total |       4 |       0 |   0.0 |       2 |       0 |   0.0
            +---------+---------+-------+---------+---------+-------
        D:1 |       4 |       0 |   0.0 |       2 |       0 |   0.0
            +---------+---------+-------+---------+---------+-------

Illustrated notes

Table legend:
 A = Kills in this place as a percentage of kills in entire the game.
 B = Kills by you in this place as a percentage of kills by you in the entire game.
 C = Kills by friends in this place as a percentage of kills by friends in the entire game.
 D = Other kills in this place as a percentage of other kills in the entire game.
 E = Experience gained in this place as a percentage of experience gained in the entire game.
 F = Experience gained in this place divided by the number of levels of this place that you have seen.
                   A       B       C       D       E      F
               +-------+-------+-------+-------+-------+----------------------
         Total | 100.0 | 100.0 |   N/A |   N/A | 100.0 |   4.0
       Dungeon | 100.0 | 100.0 |   N/A |   N/A | 100.0 |   4.0
               +-------+-------+-------+-------+-------+----------------------

Table legend: (Time is in decaauts)
 A = Elapsed time spent in this place.
 B = Non-inter-level travel time spent in this place.
 C = Inter-level travel time spent in this place.
 D = Time resting spent in this place.
 E = Time spent auto-exploring this place.
 F = Levels seen in this place.
 G = Mean time per level.
                   A        B        C        D        E       F      G
               +--------+--------+--------+--------+--------+-----+--------+
         Total |    263 |    263 |      0 |      0 |    229 |   1 |  263.0 |
       Dungeon |    263 |    263 |      0 |      0 |    229 |   1 |  263.0 |
               +--------+--------+--------+--------+--------+-----+--------+

Top non-repeatable levels by time:
     D:1: 263 daAuts
